 Dungeon Crawl Stone Soup version 0.31-a0-229-g1fc7ce93e2 (webtiles) character file.

Game seed: 7083276072121194889

132 qw the Shooter (level 4, -9/37 HPs)
             Began as a Minotaur Hexslinger on July 6, 2023.
             Mangled by an ogre
             ... wielding a +0 giant club
              (33 damage)
             ... on level 3 of the Dungeon.
             The game lasted 00:00:43 (1445 turns).

qw the Shooter (Minotaur Hexslinger)                Turns: 1445, Time: 00:00:44

Health: -9/37      AC:  6    Str: 12    XL:     4   Next: 92%
Magic:  4/4        EV: 11    Int: 10    God:
Gold:   113        SH:  0    Dex: 15    Spells: 4/5 levels left

rFire   . . .        Y - +1 sling
rCold   . . .        (no shield)
rNeg    . . .        d - +0 ring mail
rPois   .            (helmet restricted)
rElec   .            h - +0 cloak
rCorr   .            (no gloves)
SInv    .            (no boots)
Will    .....        (no amulet)
Stlth   +            (no ring)
HPRegen 0.26/turn    (no ring)
MPRegen 0.09/turn

%: no passive effects
@: no status effects
A: horns 2, retaliatory headbutt
a: no special abilities


You were on level 3 of the Dungeon.
You visited 1 branch of the dungeon, and saw 3 of its levels.

You collected 113 gold pieces.


Innate Abilities, Weirdness & Mutations

You have a pair of horns on your head.
You reflexively headbutt those who attack you in melee.


   Skills:
 + Level 2.5 Fighting
 - Level 5.1 Ranged Weapons
 - Level 1.0 Armour
 - Level 2.1 Dodging
 - Level 1.0 Spellcasting
 - Level 2.0 Hexes


You had 4 spell levels left.
You knew the following spells:

 Your Spells              Type           Power      Damage    Failure   Level
a - Slow                  Hex            16%        N/A       34%         1

Your spell library contained the following spells:

 Spells                   Type           Power      Damage    Failure   Level
 Inner Flame              Hex/Fire       2%         N/A       83%         3
 Portal Projectile        Hex/Tloc       4%         N/A       83%         3
 Cause Fear               Hex            2%         N/A       98%         4

Inventory:

Hand Weapons
 Y - a +1 sling (weapon)
Armour
 d - a +0 ring mail (worn)
 h - a +0 cloak (worn)
Potions
 a - a potion of magic {unknown}
 b - a potion of enlightenment {unknown}
 c - a potion of resistance {unknown}
 f - a potion of cancellation {unknown}

Dungeon Overview and Level Annotations

Branches:
Dungeon (3/15)

Altars:
Gozag


Message History

Found a faded altar of an unknown god.
Enter note:
Enter note:
Found a wand of iceblast (12).
Enter note:
Enter note:
Found a throwing net.
Enter note:
Enter note:
Enter note:
Enter note: An ogre comes into view. It is wielding a +0 giant club.
The ogre shouts!
Enter note:
Enter note:
Enter note:
Enter note: You shoot a sling bullet.
The sling bullet barely misses the ogre.
You shoot a sling bullet. The sling bullet hits the ogre.
The ogre is moderately wounded.
You shoot a sling bullet.
The sling bullet completely misses the ogre.
You shoot a sling bullet. The sling bullet hits the ogre.
The ogre is moderately wounded.
The ogre closely misses you.
You shoot a sling bullet. The sling bullet hits the ogre!
The ogre is heavily wounded.
The ogre hits you with a +0 giant club!!
Ouch! That really hurt!
1443 ||| DRINKING potion of heal wounds.
You feel much better.
You shoot a sling bullet. The sling bullet hits the ogre.
The ogre is severely wounded.
The ogre closely misses you.
You shoot a sling bullet. The sling bullet hits the ogre.
The ogre is severely wounded.
The ogre hits you with a +0 giant club!!
Ouch! That really hurt!
You die...

.................................
...........###..........#.......#
...#....................#.#..#
.#.###..................#.#..#
.#.###........#.......##
##.....#..###...........
#.#####................
.............#...#.#..
..............#@#...#
......../..#.(.#O....#
............#..#.....#
.........#...###.....#
##........#..# #...#..
##...#....### #.#... ..# #...# .#
..#.


You could see an ogre.

Vanquished Creatures
  Ijyb (D:3)
  4 adders
  2 worms (D:2)
  3 dart slugs
  An orc (D:2)
  5 ball pythons
  5 endoplasms
  3 giant cockroaches
  5 hobgoblins
  4 jackals
  6 kobolds
  4 quokkas
  2 bats (D:1)
  4 frilled lizards
  3 goblins
  2 rats
54 creatures vanquished.

Notes
Turn   | Place    | Note
-------+----------+-------------------------------------------
     0 | D:1      | qw the Minotaur Hexslinger began the quest for the Orb.
     0 | D:1      | Reached XP level 1. HP: 16/16 MP: 1/1
     0 | D:1      | 0 ||| qw: Version: 0.3-a-46-gb1f654a
     0 | D:1      | 0 ||| qw: Game counter: 1245
     0 | D:1      | 0 ||| qw: Melee chars always use a shield: true
     0 | D:1      | 0 ||| qw: God list: Okawaru
     0 | D:1      | 0 ||| qw: Allow faded altars: false
     0 | D:1      | 0 ||| qw: Do Orc after clearing Dungeon:15 true
     0 | D:1      | 0 ||| qw: Do second Lair branch before Depths: true
     0 | D:1      | 0 ||| qw: Lair rune preference: random
     0 | D:1      | 0 ||| qw: Goals: Normal
     0 | D:1      | 0 ||| PLANNING D:1-11
   166 | D:1      | 166 ||| Stepping ~*~*~tactically~*~*~ (outnumbered).
   169 | D:1      | Reached skill level 3 in Ranged Weapons
   174 | D:1      | Reached XP level 2. HP: 23/23 MP: 2/2
   361 | D:1      | 361 ||| UPGRADING to +0 ring mail.
   400 | D:1      | 400 ||| DROPPING +0 robe.
   552 | D:1      | 552 ||| DROPPING scroll of poison.
   651 | D:2      | Reached XP level 3. HP: 29/29 MP: 3/3
   722 | D:2      | HP: 6/29 [worm (4)]
   895 | D:2      | Reached skill level 4 in Ranged Weapons
   968 | D:2      | Found an opulent altar of Gozag.
  1075 | D:2      | Reached skill level 1 in Armour
  1085 | D:2      | Reached XP level 4. HP: 31/36 MP: 4/4
  1179 | D:2      | 1179 ||| UPGRADING to +0 cloak.
  1184 | D:2      | 1184 ||| READING scroll labelled AHERRERRUHA.
  1185 | D:2      | 1185 ||| READING scroll labelled ONUJ TOAXIU.
  1186 | D:2      | 1186 ||| DRINKING 2 metallic black potions.
  1203 | D:3      | Noticed Ijyb
  1220 | D:3      | Killed Ijyb
  1235 | D:3      | 1235 ||| FLEEEEING.
  1236 | D:3      | 1236 ||| FLEEEEING.
  1237 | D:3      | 1237 ||| FLEEEEING.
  1239 | D:3      | 1239 ||| STAIRDANCE
  1275 | D:3      | 1275 ||| STAIRDANCE
  1276 | D:3      | Reached skill level 5 in Ranged Weapons
  1377 | D:3      | Found a faded altar of an unknown god.
  1437 | D:3      | Noticed an ogre
  1442 | D:3      | HP: 3/37 [ogre/+0 giant club (34)]
  1443 | D:3      | 1443 ||| DRINKING potion of heal wounds.
  1445 | D:3      | Mangled by an ogre

Levels and vault maps discovered:
D:1:      scummos_arrival_star, layout_rooms, serial_curves, eino_curves_02,
          eino_curves_02
D:2:      layout_basic, basic_altar, corexii_shack
D:3:      minmay_thinvault, layout_rooms, gammafunk_temple_of_torment,
          chequers_ecumenical_altar_simple_redux, minmay_splitting_lines,
          kennysheep_minor_cross, uniq_ijyb

Skill      XL: |  1  2  3  4 |
---------------+-------------+-----
Ranged Weapons | 3 4 5 |  5.1
Fighting       | 2 |  2.5
Armour         | 1 |  1.0
Dodging        | |  2.1
Spellcasting   | |  1.0
Hexes          | |  2.0

Action                     |  1- 3 |  4- 6 || total
---------------------------+-------+-------++-------
   Fire: Sling             |   129 |    59 ||   188
    Use: Scroll            |       |     2 ||     2
         Potion            |       |     2 ||     2
 Armour: Robe              |     6 |       ||     6
         Ring mail         |    12 |    11 ||    23
  Dodge: Dodged            |    50 |    22 ||    72

Table legend:
 A = Non-vault XP
 B = Vault XP
 C = Vault XP percentage of total XP
 D = Non-vault monster count
 E = Vault monster count
 F = Vault count percentage of total count
                 A         B        C        D         E       F
            +---------+---------+-------+---------+---------+-------
      Total |     150 |      39 |  20.6 |      52 |       2 |   3.7
            +---------+---------+-------+---------+---------+-------
        D:1 |      36 |       0 |   0.0 |      22 |       0 |   0.0
        D:2 |      74 |       3 |   3.9 |      22 |       1 |   4.3
        D:3 |      40 |      36 |  47.4 |       8 |       1 |  11.1
            +---------+---------+-------+---------+---------+-------
